3A
MONROEVILLE YINZERS @ PUT-IN-BAY BC
06/23/2041
 
TOP OF THE 1ST
Monroeville Yinzers batting - Pitching for Put-In-Bay BC : LHP Cecil Drabek
Pitching: LHP Cecil Drabek
Batting: RHB Ryan McCarty 0-0: Called Strike
0-1: Ball
1-1: Ball
2-1: Swinging Strike
2-2: Strikes out swinging
Batting: SHB Chong-hun Cho 0-0: Called Strike
0-1: Ball
1-1: Ground out 6-3 (Groundball, 6, EV 85.0 MPH)
Batting: RHB Shuan-yan Bu 0-0: Called Strike
0-1: Ball
1-1: Ball
2-1: Ball
3-1: Called Strike
3-2: Strikes out swinging
Top of the 1st over - 0 runs, 0 hits, 0 errors, 0 left on base; Monroeville 0 - Put-In-Bay 0
BOTTOM OF THE 1ST
Put-In-Bay BC batting - Pitching for Monroeville Yinzers : RHP Rusty Davis
Pitching: RHP Rusty Davis
Batting: RHB Roland Rankin 0-0: Called Strike
0-1: TRIPLE (Line Drive, 78XD, EV 110.6 MPH)
Batting: SHB Patrick Sullivan 0-0: Ball
1-0: Called Strike
1-1: Foul Ball, location: 2F
1-2: Ball
2-2: Foul Ball, location: 2F
2-2: Ball
3-2: Fly out, F8 (Line Drive, 8RD, EV 91.9 MPH)
Runner from 3rd tags up, OUT at HOME! 8-2
Batting: LHB Steve Chittick 0-0: Called Strike
0-1: Ground out U3 (Groundball, 3, EV 90.0 MPH)
Bottom of the 1st over - 0 runs, 1 hit, 0 errors, 0 left on base; Monroeville 0 - Put-In-Bay 0
TOP OF THE 2ND
Monroeville Yinzers batting - Pitching for Put-In-Bay BC : LHP Cecil Drabek
Batting: RHB Adam Cunningham 0-0: Ball
1-0: Ball
2-0: Ball
3-0: Called Strike
3-1: SINGLE (Groundball, 34D, EV 98.8 MPH)
Batting: RHB Barend Huijbregts 0-0: Foul Ball, location: 2F
0-1: Ball
1-1: Grounds into double play, 6-4-3 (Groundball, 6, EV 105.0 MPH)
Batting: RHB Brian Martin 0-0: Ground out 5-3 (Groundball, 56, EV 82.5 MPH)
Top of the 2nd over - 0 runs, 1 hit, 0 errors, 0 left on base; Monroeville 0 - Put-In-Bay 0
BOTTOM OF THE 2ND
Put-In-Bay BC batting - Pitching for Monroeville Yinzers : RHP Rusty Davis
Batting: RHB Colton Shepard 0-0: Ball
1-0: Called Strike
1-1: Called Strike
1-2: SINGLE (Line Drive, 89S, EV 104.4 MPH)
Batting: RHB Tyler Pollock 0-0: Ball
1-0: Fly out, F4 (Popup, 34, EV 71.2 MPH)
Batting: RHB Richard Mitchell 0-0: Called Strike
0-1: Called Strike
0-2: Ball
1-2: Ball
2-2: Ball
3-2: Foul Ball, location: 2F
3-2: Foul Ball, location: 2F
3-2: Base on Balls
Colton Shepard to second
Batting: RHB Chris P. Bacon 0-0: Foul Ball, location: 2F
0-1: Ball
1-1: Fly out, F9 (Flyball, 9LS, EV 93.8 MPH)
Batting: RHB Bud Mullins 0-0: Ball
Wild Pitch!
Colton Shepard to third
Richard Mitchell to second
1-0: Called Strike
1-1: Called Strike
1-2: Ball
2-2: Strikes out swinging
Bottom of the 2nd over - 0 runs, 1 hit, 0 errors, 2 left on base; Monroeville 0 - Put-In-Bay 0
TOP OF THE 3RD
Monroeville Yinzers batting - Pitching for Put-In-Bay BC : LHP Cecil Drabek
Batting: RHB Stu Roberts 0-0: Ball
1-0: Foul Ball, location: 2F
1-1: SINGLE (Groundball, 6MD, EV 105.6 MPH)
Batting: RHB David Ferris 0-0: Ball
1-0: Fielders Choice at 2nd, 5-4 (Groundball, 56, EV 90.0 MPH)
Batting: RHB Dave Hall 0-0: Called Strike
0-1: Foul Ball, location: 2F
0-2: Strikes out swinging
Batting: RHB Ryan McCarty 0-0: Foul Ball, location: 2F
0-1: Swinging Strike
0-2: Ball
1-2: Strikes out swinging
Top of the 3rd over - 0 runs, 1 hit, 0 errors, 1 left on base; Monroeville 0 - Put-In-Bay 0
BOTTOM OF THE 3RD
Put-In-Bay BC batting - Pitching for Monroeville Yinzers : RHP Rusty Davis
Batting: LHB Tom Bruce 0-0: Called Strike
0-1: Called Strike
0-2: Ball
1-2: Ground out 4-3 (Groundball, 4, EV 105.6 MPH)
Batting: RHB Roland Rankin 0-0: Foul Ball, location: 2F
0-1: Foul Ball, location: 2F
0-2: Ball
1-2: Ball
2-2: Foul Ball, location: 2F
2-2: Strikes out looking
Batting: SHB Patrick Sullivan 0-0: Called Strike
0-1: Called Strike
0-2: Ground out 3-1 (Groundball, 34, EV 81.2 MPH)
Bottom of the 3rd over - 0 runs, 0 hits, 0 errors, 0 left on base; Monroeville 0 - Put-In-Bay 0
TOP OF THE 4TH
Monroeville Yinzers batting - Pitching for Put-In-Bay BC : LHP Cecil Drabek
Batting: SHB Chong-hun Cho 0-0: Ball
1-0: Ball
2-0: Foul Ball, location: 2F
2-1: Ball
3-1: Base on Balls
Batting: RHB Shuan-yan Bu 0-0: Foul Ball, location: 2F
0-1: Foul Ball, location: 2F
0-2: Fly out, F7 (Flyball, 78M, EV 90.0 MPH)
Batting: RHB Adam Cunningham 0-0: Ball
Pickoff Throw to First - Out! 1-3
1-0: Ball
2-0: Called Strike
2-1: Ball
3-1: Called Strike
3-2: Base on Balls
Batting: RHB Barend Huijbregts 0-0: Ball
1-0: Foul Ball, location: 2F
1-1: Ball
2-1: Fly out, F7 (Flyball, 7D, EV 88.8 MPH)
Top of the 4th over - 0 runs, 0 hits, 0 errors, 1 left on base; Monroeville 0 - Put-In-Bay 0
BOTTOM OF THE 4TH
Put-In-Bay BC batting - Pitching for Monroeville Yinzers : RHP Rusty Davis
Batting: LHB Steve Chittick 0-0: SINGLE (Groundball, 4MD, EV 103.8 MPH)
Batting: RHB Colton Shepard 0-0: Ball
1-0: Called Strike
1-1: Ball
2-1: Swinging Strike
2-2: Strikes out swinging
Batting: RHB Tyler Pollock 0-0: Ball
Steve Chittick is caught stealing 2nd base 2-4
1-0: Called Strike
1-1: Ball
2-1: Called Strike
2-2: Strikes out swinging
Bottom of the 4th over - 0 runs, 1 hit, 0 errors, 0 left on base; Monroeville 0 - Put-In-Bay 0
TOP OF THE 5TH
Monroeville Yinzers batting - Pitching for Put-In-Bay BC : LHP Cecil Drabek
Batting: RHB Brian Martin 0-0: Ball
1-0: Ball
2-0: Swinging Strike
2-1: Foul Ball, location: 2F
2-2: Foul Ball, location: 2F
2-2: Foul Ball, location: 2F
2-2: Strikes out swinging
Batting: RHB Stu Roberts 0-0: Called Strike
0-1: Called Strike
0-2: Ball
1-2: Strikes out swinging
Batting: RHB David Ferris 0-0: Ball
1-0: Ball
2-0: SINGLE (Groundball, 15S, EV 73.1 MPH) (infield hit)
Batting: RHB Dave Hall 0-0: Ball
1-0: Fly out, F4 (Popup, 4, EV 73.8 MPH)
Top of the 5th over - 0 runs, 1 hit, 0 errors, 1 left on base; Monroeville 0 - Put-In-Bay 0
BOTTOM OF THE 5TH
Put-In-Bay BC batting - Pitching for Monroeville Yinzers : RHP Rusty Davis
Batting: RHB Richard Mitchell 0-0: Ball
1-0: Ball
2-0: Ball
3-0: Base on Balls
Batting: RHB Chris P. Bacon 0-0: Ball
1-0: Bunt - Flyout to 2L! F2
Batting: RHB Bud Mullins 0-0: Ball
1-0: Ball
2-0: Fielders Choice at 2nd, 6-4 (Groundball, 6, EV 86.2 MPH)
Batting: LHB Tom Bruce 0-0: Called Strike
Bud Mullins steals 2nd base
0-1: Ball
1-1: Ball
2-1: Swinging Strike
2-2: Ground out 4-3 (Groundball, 4, EV 83.1 MPH)
Bottom of the 5th over - 0 runs, 0 hits, 0 errors, 1 left on base; Monroeville 0 - Put-In-Bay 0
TOP OF THE 6TH
Monroeville Yinzers batting - Pitching for Put-In-Bay BC : LHP Cecil Drabek
Batting: RHB Ryan McCarty 0-0: Ball
1-0: Ball
2-0: Foul Ball, location: 2F
2-1: Ball
3-1: Called Strike
3-2: Strikes out looking
Batting: SHB Chong-hun Cho 0-0: Called Strike
0-1: Swinging Strike
0-2: Foul Ball, location: 2F
0-2: Foul Ball, location: 2F
0-2: Strikes out swinging
Batting: RHB Shuan-yan Bu 0-0: Called Strike
0-1: Called Strike
0-2: Ball
1-2: Ball
2-2: Foul Ball, location: 2F
2-2: Foul Ball, location: 2F
2-2: Foul Ball, location: 2F
2-2: Ball
3-2: Strikes out swinging
Top of the 6th over - 0 runs, 0 hits, 0 errors, 0 left on base; Monroeville 0 - Put-In-Bay 0
BOTTOM OF THE 6TH
Put-In-Bay BC batting - Pitching for Monroeville Yinzers : RHP Rusty Davis
Batting: RHB Roland Rankin 0-0: Foul Ball, location: 2F
0-1: Fly out, F8 (Line Drive, 8RM, EV 91.9 MPH)
Batting: SHB Patrick Sullivan 0-0: Swinging Strike
0-1: Ball
1-1: Called Strike
1-2: Ball
2-2: Strikes out looking
Batting: LHB Steve Chittick 0-0: Called Strike
0-1: Ball
1-1: Swinging Strike
1-2: Foul Ball, location: 2F
1-2: Foul Ball, location: 2F
1-2: Strikes out looking
Bottom of the 6th over - 0 runs, 0 hits, 0 errors, 0 left on base; Monroeville 0 - Put-In-Bay 0
TOP OF THE 7TH
Monroeville Yinzers batting - Pitching for Put-In-Bay BC : LHP Cecil Drabek
Batting: RHB Adam Cunningham 0-0: Ball
1-0: Foul Ball, location: 2F
1-1: Swinging Strike
1-2: Ball
2-2: Foul Ball, location: 2F
2-2: Strikes out swinging
Batting: RHB Barend Huijbregts 0-0: Called Strike
0-1: SINGLE (Line Drive, 4D, EV 94.4 MPH)
Batting: RHB Brian Martin 0-0: Ball
1-0: Swinging Strike
1-1: Called Strike
1-2: SINGLE (Groundball, 6D, EV 100.6 MPH)
Barend Huijbregts to second
Batting: RHB Stu Roberts 0-0: Called Strike
0-1: SINGLE (Line Drive, 7S, EV 105.6 MPH)
Barend Huijbregts to third
Brian Martin to second
Pitching: LHP Bruce Kimsey
Batting: RHB David Ferris 0-0: Foul Ball, location: 2F
0-1: Ball
1-1: Grounds into fielders choice 3-2 (Groundball, 34, EV 91.9 MPH)
Brian Martin to third
Stu Roberts to second
Batting: RHB Dave Hall 0-0: Foul Ball, location: 2F
0-1: Ball
1-1: DOUBLE (Line Drive, 78XD, EV 101.9 MPH)
Brian Martin scores
Stu Roberts scores
David Ferris to third
Runner from 3rd tries for Home, SAFE, no throw by CF
Batting: RHB Ryan McCarty 0-0: Fly out, F8 (Line Drive, 8LD, EV 98.1 MPH)
Top of the 7th over - 3 runs, 4 hits, 0 errors, 1 left on base; Monroeville 3 - Put-In-Bay 0
BOTTOM OF THE 7TH
Put-In-Bay BC batting - Pitching for Monroeville Yinzers : RHP Rusty Davis
Batting: RHB Colton Shepard 0-0: Ball
1-0: Called Strike
1-1: Ball
2-1: Ball
3-1: Base on Balls
Pitching: RHP Carlos Guerrero
Batting: RHB Tyler Pollock 0-0: Called Strike
0-1: Ball
1-1: Ball
2-1: Fly out, F9 (Flyball, 9D, EV 88.1 MPH)
Batting: RHB Richard Mitchell 0-0: Called Strike
0-1: Ball
1-1: Ball
2-1: Foul Ball, location: 2F
2-2: Ball
3-2: Foul Ball, location: 2F
3-2: Foul Ball, location: 2F
3-2: Base on Balls
Colton Shepard to second
Batting: RHB Chris P. Bacon 0-0: Called Strike
0-1: Ball
1-1: Called Strike
1-2: 3-RUN HOME RUN (Flyball, 78XD, EV 88.1 MPH), Distance : 392 ft
Batting: RHB Bud Mullins 0-0: Called Strike
0-1: Called Strike
0-2: Ball
1-2: Strikes out swinging
Batting: LHB Tom Bruce 0-0: Ball
1-0: Ground out 4-3 (Groundball, 4, EV 79.4 MPH)
Bottom of the 7th over - 3 runs, 1 hit, 0 errors, 0 left on base; Monroeville 3 - Put-In-Bay 3
TOP OF THE 8TH
Monroeville Yinzers batting - Pitching for Put-In-Bay BC : LHP Bruce Kimsey
Batting: SHB Chong-hun Cho 0-0: Ball
1-0: Called Strike
1-1: Called Strike
1-2: Strikes out swinging
Batting: RHB Shuan-yan Bu 0-0: Fly out, F9 (Flyball, 9, EV 86.2 MPH)
Batting: RHB Adam Cunningham 0-0: Ball
1-0: SOLO HOME RUN (Line Drive, 7LD, EV 106.2 MPH), Distance : 325 ft
Batting: RHB Barend Huijbregts 0-0: Called Strike
0-1: Swinging Strike
0-2: Ball
1-2: Foul Ball, location: 2F
1-2: Strikes out swinging
Top of the 8th over - 1 run, 1 hit, 0 errors, 0 left on base; Monroeville 4 - Put-In-Bay 3
BOTTOM OF THE 8TH
Put-In-Bay BC batting - Pitching for Monroeville Yinzers : RHP Carlos Guerrero
Batting: RHB Roland Rankin 0-0: Ball
1-0: Ball
2-0: Ball
3-0: Base on Balls
Batting: SHB Patrick Sullivan 0-0: Ball
1-0: Swinging Strike
1-1: Ball
Wild Pitch!
Roland Rankin to second
2-1: Foul Ball, location: 2F
2-2: Ball
3-2: SINGLE (Flyball, 78M, EV 88.8 MPH)
Roland Rankin to third
Pitching: RHP Freddy León
Batting: LHB Steve Chittick 0-0: Called Strike
0-1: Ball
1-1: Foul Ball, location: 2F
1-2: Ball
2-2: Strikes out looking
Batting: RHB Colton Shepard 0-0: Ball
1-0: Fly out, F8 (Flyball, 78S, EV 95.0 MPH)
Runner from 3rd tags up, SCORES, throw by CF
Batting: RHB Tyler Pollock 0-0: Called Strike
0-1: Foul Ball, location: 2F
0-2: Ball
1-2: Foul Ball, location: 2F
1-2: Ball
2-2: Foul Ball, location: 2F
2-2: Foul Ball, location: 2F
2-2: Foul Ball, location: 2F
2-2: Ball
3-2: SINGLE (Flyball, 8RS, EV 97.5 MPH)
Patrick Sullivan to second
Patrick Sullivan to third
Batting: RHB Richard Mitchell 0-0: Ball
1-0: Ball
2-0: Ball
3-0: Base on Balls
Tyler Pollock to second
Batting: RHB Chris P. Bacon 0-0: Ball
1-0: Foul Ball, location: 2F
1-1: Swinging Strike
1-2: Ball
2-2: Strikes out looking
Bottom of the 8th over - 1 run, 2 hits, 0 errors, 3 left on base; Monroeville 4 - Put-In-Bay 4
TOP OF THE 9TH
Monroeville Yinzers batting - Pitching for Put-In-Bay BC : LHP Bruce Kimsey
Batting: RHB Brian Martin 0-0: Foul Ball, location: 2F
0-1: Swinging Strike
0-2: Strikes out swinging
Batting: RHB Stu Roberts 0-0: Called Strike
0-1: Foul Ball, location: 2F
0-2: Strikes out swinging
Batting: RHB David Ferris 0-0: Foul Ball, location: 2F
0-1: Ball
1-1: SINGLE (Groundball, 56D, EV 108.1 MPH)
Batting: RHB Dave Hall 0-0: Called Strike
0-1: Swinging Strike
0-2: Ground out 1-3 (Groundball, 13, EV 86.9 MPH)
Top of the 9th over - 0 runs, 1 hit, 0 errors, 1 left on base; Monroeville 4 - Put-In-Bay 4
BOTTOM OF THE 9TH
Put-In-Bay BC batting - Pitching for Monroeville Yinzers : RHP Freddy León
Pinch Hitting: LHB Roberto Pacheco 0-0: Called Strike
0-1: Ball
1-1: Swinging Strike
1-2: Ground out 1-3 (Groundball, 13S, EV 65.6 MPH)
Pinch Hitting: LHB Bill Knight 0-0: Called Strike
0-1: Called Strike
0-2: Foul Ball, location: 2F
0-2: Ball
1-2: Ball
2-2: Ground out 1-3 (Groundball, 34S, EV 84.4 MPH)
Pitching: RHP Donovan Poe
Batting: RHB Roland Rankin 0-0: Called Strike
0-1: Ball
1-1: Swinging Strike
1-2: Ball
2-2: Ball
3-2: Foul Ball, location: 2F
3-2: Strikes out looking
Bottom of the 9th over - 0 runs, 0 hits, 0 errors, 0 left on base; Monroeville 4 - Put-In-Bay 4
TOP OF THE 10TH
Monroeville Yinzers batting - Pitching for Put-In-Bay BC : LHP Bruce Kimsey
Pitching: RHP Jeff Moore
Now in LF: Roberto Pacheco
Now in RF: Bill Knight
Pinch Hitting: LHB Rashid Jeltkov 0-0: Called Strike
0-1: Called Strike
0-2: Ball
1-2: Strikes out looking
Pinch Hitting: RHB Félix Pacheco 0-0: Ball
1-0: Ground out 5-3 (Groundball, 56S, EV 73.8 MPH)
Batting: RHB Shuan-yan Bu 0-0: Swinging Strike
0-1: Swinging Strike
0-2: Foul Ball, location: 2F
0-2: Ball
1-2: Ball
2-2: Ball
3-2: Strikes out looking
Top of the 10th over - 0 runs, 0 hits, 0 errors, 0 left on base; Monroeville 4 - Put-In-Bay 4
BOTTOM OF THE 10TH
Put-In-Bay BC batting - Pitching for Monroeville Yinzers : RHP Donovan Poe
Now in LF: Félix Pacheco
Now in RF: Rashid Jeltkov
Batting: SHB Patrick Sullivan 0-0: Called Strike
0-1: Foul Ball, location: 2F
0-2: Ball
1-2: Foul Ball, location: 2F
1-2: Foul Ball, location: 2F
1-2: Strikes out looking
Batting: LHB Steve Chittick 0-0: Ball
1-0: Called Strike
1-1: Ground out 5-3 (Groundball, 5, EV 86.9 MPH)
Batting: RHB Colton Shepard 0-0: Ball
1-0: Fly out, F3 (Line Drive, 3, EV 70.6 MPH)
Bottom of the 10th over - 0 runs, 0 hits, 0 errors, 0 left on base; Monroeville 4 - Put-In-Bay 4
TOP OF THE 11TH
Monroeville Yinzers batting - Pitching for Put-In-Bay BC : RHP Jeff Moore
Batting: RHB Adam Cunningham 0-0: Foul Ball, location: 2F
0-1: Called Strike
0-2: Ball
1-2: Strikes out swinging
Batting: RHB Barend Huijbregts 0-0: Foul Ball, location: 2F
0-1: Ball
1-1: Ground out 5-3 (Groundball, 56, EV 86.2 MPH)
Batting: RHB Brian Martin 0-0: Called Strike
0-1: SINGLE (Line Drive, 7S, EV 111.2 MPH)
Batting: RHB Stu Roberts 0-0: Called Strike
0-1: Ball
1-1: Ball
2-1: Called Strike
2-2: Strikes out looking
Top of the 11th over - 0 runs, 1 hit, 0 errors, 1 left on base; Monroeville 4 - Put-In-Bay 4
BOTTOM OF THE 11TH
Put-In-Bay BC batting - Pitching for Monroeville Yinzers : RHP Donovan Poe
Batting: RHB Tyler Pollock 0-0: SINGLE (Groundball, 34D, EV 108.1 MPH)
Batting: RHB Richard Mitchell 0-0: Bunted foul
0-1: Sac Bunt to 2L - play at first, batter OUT! 2-4
Tyler Pollock to second
Batting: RHB Chris P. Bacon 0-0: Fly out, F8 (Flyball, 89M, EV 91.2 MPH)
Batting: LHB Roberto Pacheco 0-0: Called Strike
0-1: Ball
1-1: Ball
2-1: Called Strike
2-2: SINGLE (Groundball, 6MD, EV 110.0 MPH)
Tyler Pollock to third
Runner from 3rd tries for Home, SAFE, no throw by CF
GAME OVER ... PUT
In-Bay defeats Monroeville, 5 to 4
Tuesday, January 5th, 2021 - OOTP Baseball 20.8 Build 74